 Dungeon Crawl Stone Soup version 0.31-a0-164-g2312942 (webtiles) character file.

Game seed: 6165074124867303656

284 Decysan the Ducker (level 6, -1/42 HPs)
             Began as a Djinni Air Elementalist on June 13, 2023.
             Shot with an arrow by a centaur (9 damage)
             ... on level 4 of the Dungeon.
             The game lasted 00:15:00 (2221 turns).

Decysan the Ducker (Djinni Air Elementalist)        Turns: 2221, Time: 00:15:01

Health: -1/42      AC:  2    Str:  7    XL:     6   Next: 55%
Gold:   189        EV: 13    Int: 18    God:
                   SH:  0    Dex: 14

rFire   + + .        i - staff of air
rCold   x . .        (no shield)
rNeg    . . .        a - +0 robe
rPois   ∞            (no helmet)
rElec   +            (no cloak)
rCorr   .            (no gloves)
SInv    +            (boots unavailable)
Will    .....        (no amulet)
Stlth   ++           g - ring of see invisible
HPRegen 0.27/turn    (no ring)
MPRegen 0.00/turn

%: infuse magic (-2 HP)
@: flying
A: sickness immunity, fire resistance 2, cold vulnerability 1, float, innate
caster, HP casting, extra vitality 1
a: no special abilities


You were on level 4 of the Dungeon.
You visited 1 branch of the dungeon, and saw 4 of its levels.

You collected 189 gold pieces.

Inventory:

Armour
 a - a +0 robe (worn)
 m - the +4 chain mail "Booqoraa" {Drain rF+ Str+3}
   (You found it on level 3 of the Dungeon)

   Str:       It affects your strength (+3).
   rF:        It protects you from fire.
   Drain:     It drains your maximum health when unequipped.
Magical Staves
 b - a staff of death
 f - a staff of conjuration
 i - a staff of air (weapon)
Jewellery
 g - a ring of see invisible (left hand)
 j - a +6 ring of strength
Scrolls
 n - a scroll of blinking {unknown}
 o - a scroll of amnesia
Potions
 c - 3 potions of heal wounds
 d - 2 potions of curing
 e - 2 potions of attraction
 h - 3 potions of brilliance
 k - a potion of ambrosia {unknown}
 l - a potion of might {unknown}


   Skills:
 + Level 1.2 Fighting
 + Level 3.9 Dodging
 + Level 3.8 Stealth
 + Level 3.8 Spellcasting
 + Level 3.8 Conjurations
 + Level 3.8 Hexes
 + Level 3.8 Summonings
 + Level 3.8 Necromancy
 + Level 3.8 Translocations
 + Level 3.8 Transmutations
 + Level 3.8 Fire Magic
 + Level 3.8 Ice Magic
 + Level 3.8 Air Magic
 + Level 3.8 Earth Magic
 + Level 3.8 Poison Magic


You knew the following spells:

 Your Spells              Type           Power      Damage    Failure   Level
a - Shock                 Conj/Air       100%       1d9       3%          1
b - Static Discharge      Conj/Air       52%        2-5/arc   4%          2
c - Swiftness             Air            26%        N/A       10%         3
d - Airstrike             Air            13%        2d(2-18)  30%         4
e - Freeze                Ice            68%        1d8       3%          1
f - Ensorcelled Hibernat  Hex/Ice        34%        N/A       4%          2
Your spell library was empty.

Dungeon Overview and Level Annotations

Branches:
Dungeon (4/15)
 Temple: D:4-7

Altars:
Elyvilon
Uskayaw

Annotations:
D:1 2 runed translucent doors
D:4 Dowan, Duvessa


Innate Abilities, Weirdness & Mutations

You are immune to sickness and miasma.
You are immune to poison.
Your flesh is very heat resistant. (rF++)
You are vulnerable to cold. (rC-)
You float through the air rather than walking.
You learn spells naturally, not from books.
Your magical power is your life essence.
You have superior vitality. (+4 MHP)


Message History

Casting: Ensorcelled Hibernation (safe; 4% risk of failure)
Confirm with . or Enter, or press ? or * to list all spells.
Aiming: Shock (safe; 3% risk of failure)
Press: ? - help, Shift-Dir - straight line, f - orc
Aim: an orc, wielding a +0 morningstar (wandering, hasn't noticed you, 74% to hit)
You feel a surge of power!
The zap hits the orc!
You kill the orc!
You see here 4 stones.
Casting: Shock (safe; 3% risk of failure)
Confirm with . or Enter, or press ? or * to list all spells.
Aiming: Shock (safe; 3% risk of failure)
Press: ? - help, Shift-Dir - straight line, f - centaur
Aim: a centaur, wielding a +0 shortbow (asleep, 100% to hit)
You feel a surge of power!
The zap hits the centaur.
The centaur is moderately wounded.
The centaur shouts!
You hear a shout!
A scorpion comes into view.
The centaur shoots an arrow.
The arrow hits you.
The scorpion moves out of view.
The centaur shoots an arrow.
The arrow hits you!
Casting: Shock (safe; 3% risk of failure)
Confirm with . or Enter, or press ? or * to list all spells.
Aiming: Shock (safe; 3% risk of failure)
Press: ? - help, Shift-Dir - straight line, f/p - centaur
Aim: a centaur, wielding a +0 shortbow (moderately wounded, 84% to hit)
You feel a surge of power!
The zap hits the centaur.
The centaur is moderately wounded.
Casting: Shock (safe; 3% risk of failure)
Confirm with . or Enter, or press ? or * to list all spells.
Aiming: Shock (safe; 3% risk of failure)
Press: ? - help, Shift-Dir - straight line, f/p - centaur
Aim: a centaur, wielding a +0 shortbow (moderately wounded, 84% to hit)
You feel a surge of power!
The zap hits the centaur.
The centaur is heavily wounded.
The centaur shoots an arrow.
The arrow hits you!
* * * LOW HITPOINT WARNING * * *
The centaur shoots an arrow.
The arrow barely misses you.
The centaur shoots an arrow.
The arrow barely misses you.
The centaur shoots an arrow.
The arrow hits you!
You die...

....#..'..'.._..+..+.#
##.#..##..#.....#..#.#
.......#..#+###+#..#.#
#......#..#.....#..#.#
#......+##+##'##'##'.#
.......#.....#.....###
.......#.....#.....#
...#...###+##'##+###
...#.......##.#.@# ..
....)..#..#.## ..
.....#.#....######
.....#...#..##...#####
........##..#.....##.###
...........c.#....##...##
..........#.............#
.........##....(#......##
.###.....##.#..#.....##


You could see a centaur.

Vanquished Creatures
  Sigmund (D:2)
  Terence (D:2)
  Robin (D:2)
  5 adders
  An orc (D:4)
  6 bats
  An endoplasm (D:3)
  2 giant cockroaches (D:2)
  8 goblins
  7 hobgoblins
  A jackal (D:1)
  5 kobolds
  6 ball pythons
  3 frilled lizards
  2 rats
50 creatures vanquished.

Notes
Turn   | Place    | Note
-------+----------+-------------------------------------------
     0 | D:1      | Decysan the Djinni Air Elementalist began the quest for the
                  | Orb.
     0 | D:1      | Decysan set off with the following spells memorised: Shock,
                  | Static Discharge, Swiftness, Airstrike.
     0 | D:1      | Reached XP level 1. HP: 15/15 MP: 0/0
    42 | D:1      | Found a large runed translucent door.
    42 | D:1      | Found a large runed translucent door.
    54 | D:1      | Reached XP level 2. HP: 13/21 MP: 0/0
   215 | D:1      | Found a faded altar of an unknown god.
   722 | D:2      | Noticed Robin
   749 | D:2      | Reached XP level 3. HP: 14/25 MP: 0/0
   749 | D:2      | Learned a level 1 spell: Freeze
   858 | D:2      | Noticed Sigmund
   932 | D:2      | Noticed Terence
   956 | D:2      | Killed Terence
   957 | D:2      | Reached XP level 4. HP: 22/31 MP: 0/0
  1235 | D:2      | Killed Robin
  1297 | D:2      | Killed Sigmund
  1298 | D:2      | Reached skill level 1 in Fighting
  1298 | D:2      | Reached XP level 5. HP: 33/37 MP: 0/0
  1298 | D:2      | Learned a level 2 spell: Ensorcelled Hibernation
  1298 | D:2      | Reached XP level 6. HP: 37/42 MP: 0/0
  1754 | D:3      | Identified the +4 chain mail "Booqoraa" {Drain rF+ Str+3}
  1818 | D:3      | Noticed a +0 hand axe
  1818 | D:3      | Noticed a +0 dagger
  1821 | D:3      | Found a hide-covered altar of Uskayaw.
  1996 | D:4      | Noticed Dowan
  1997 | D:4      | Noticed Duvessa
  2114 | D:4      | Found a white marble altar of Elyvilon.
  2221 | D:4      | Shot with an arrow by a centaur

Illustrated notes

Levels and vault maps discovered:
D:1:      erik_arrival_cave_to_civilisation [erik_arrival_cave_to_temple],
          layout_basic, ebering_ecumenical_altar_hall
D:2:      layout_basic, uniq_terence, uniq_robin, uniq_sigmund
D:3:      layout_rooms, dancing_weapons_uskayaw
D:4:      layout_cave_pools, okawaru_gym_becter, mainiacjoe_overflow_24_doors,
          mainiacjoe_overflow_big_doors, led_sif_book,
          mainiacjoe_overflow_six_doors_small, st_stairs_10,
          minmay_crystal_water, hangedman_decor_peaks_small, uniq_duvessa,
          uniq_blork_the_orc

Skill      XL: |  1  2  3  4 |
---------------+-------------+-----
Spellcasting   | |  3.8
Conjurations   | |  3.8
Hexes          | |  3.8
Summonings     | |  3.8
Necromancy     | |  3.8
Translocations | |  3.8
Transmutations | |  3.8
Fire Magic     | |  3.8
Ice Magic      | |  3.8
Air Magic      | |  3.8
Earth Magic    | |  3.8
Poison Magic   | |  3.8
Stealth        | 2 3 |  3.8
Dodging        | 3 |  3.9
Fighting       | 1 |  1.2

Action                     |  1- 3 |  4- 6 || total
---------------------------+-------+-------++-------
   Cast: Shock             |    48 |    64 ||   112
         Static Discharge  |     2 |       ||     2
         Swiftness         |       |     1 ||     1
         Ensorcelled Hiber |       |     7 ||     7
         Freeze            |       |     1 ||     1
    Use: Scroll            |     3 |     4 ||     7
 Armour: Robe              |    10 |     2 ||    12
  Dodge: Dodged            |    12 |     9 ||    21

Table legend: (Time is in decaauts)
 A = Elapsed time spent in this place.
 B = Non-inter-level travel time spent in this place.
 C = Inter-level travel time spent in this place.
 D = Time resting spent in this place.
 E = Time spent auto-exploring this place.
 F = Levels seen in this place.
 G = Mean time per level.
                   A        B        C        D        E       F      G
               +--------+--------+--------+--------+--------+-----+--------+
         Total |   2222 |   2009 |    213 |    133 |   1480 |   4 |  555.5 |
       Dungeon |   2222 |   2009 |    213 |    133 |   1480 |   4 |  555.5 |
               +--------+--------+--------+--------+--------+-----+--------+

Top non-repeatable levels by time:
     D:1: 876 daAuts
     D:2: 695 daAuts
     D:3: 462 daAuts
     D:4: 188 daAuts
